 Dungeon Sprint DCSS version 0.17-a0-1262-gd250d98 (webtiles) character file.

105 Kidiri the Covert (level 4, 0/24 HPs)
             Began as a Spriggan Assassin on June 6, 2015.
             Was the Champion of Jiyva.
             Slain by a flying skull (8 damage)
             ... in the Dungeon (Sprint VII: "The Pits").
             The game lasted 00:01:57 (221 turns).

Kidiri the Covert (Spriggan Assassin)                Turns: 221, Time: 00:01:57

Health: 0/24       AC:  3    Str:  7    XL:     4   Next: 54%
Magic:  5/5        EV: 22    Int: 12    God:    Jiyva [******]
Gold:   0          SH:  0    Dex: 18    Spells: 0 memorised, 3 levels left

rFire  . . .     SeeInvis +     t - +2 dagger (venom)
rCold  . . .     Clarity  .     c - +0 robe
rNeg   . . .     SustAt   .     (shield restricted)
rPois  .         Gourm    .     (helmet restricted)
rElec  .         Spirit   .     d - +0 cloak
rCorr  +         Warding  .     (gloves unavailable)
rMut   .         NoTele   +     (boots unavailable)
MR     +....                    (no amulet)
Stlth  +++++.....               (no ring)
                                (no ring)

@: very quick, somewhat resistant to hostile enchantments, quite stealthy
A: unfitting armour, see invisible, herbivore 3, speed 3, magic resistance 1,
slow metabolism 2, acidic bite, translucent skin 1
a: Request Jelly, Jelly Paralyse, Slimify, Cure Bad Mutation, Renounce Religion


You were in the Dungeon.
You worshipped Jiyva.
Jiyva was exalted by your worship.
You were not hungry.

You visited 1 branch

Inventory:

Hand weapons
 a - a +2 dagger
 b - a +0 blowgun
 n - a +2 dagger of holy wrath
 t - a +2 dagger of venom (weapon)
Missiles
 e - 8 poisoned needles
 f - 2 curare-tipped needles
Armour
 c - a +0 robe (worn)
 d - a +0 cloak (worn)
Scrolls
 m - a scroll of blinking
 q - 3 scrolls of remove curse
 r - 5 scrolls of amnesia
 s - a scroll of summoning
Potions
 h - 6 potions of curing
 i - 6 potions of heal wounds
 j - a potion of haste
 k - 4 potions of magic
 l - 3 potions of berserk rage
 p - 2 potions of invisibility
Comestibles
 g - 8 bread rations
 o - 40 fruits


   Skills:
 + Level 3.0 Fighting
 * Level 5.3 Short Blades
 + Level 3.8 Throwing
 * Level 6.7 Dodging
 * Level 9.2 Stealth


You had 3 spell levels left.
You didn't know any spells.

Dungeon Overview and Level Annotations

Branches:
Dungeon (1/1)

Altars:
Ashenzari
Cheibriados
Dithmenos
Elyvilon
Fedhas
Kikubaaqudgha
Makhleb
Nemelex Xobeh
Okawaru
Qazlal
Ru
Sif Muna
Trog
Vehumet
Xom
Yredelemnul
Zin
The Shining One
Beogh
Jiyva
Lugonu

Annotations:
D Terence


Innate Abilities, Weirdness & Mutations

You are tiny and cannot use many weapons and most armour.
You have supernaturally acute eyesight.
You are a herbivore.
You cover ground extremely quickly.
You need consume almost no food.
You are resistant to hostile enchantments.
You have acidic saliva.
Your skin is partially translucent (Stealth, -foe acc).


Message History

You miss the flying skull.
The flying skull is moderately damaged.
The flying skull barely misses you.
You hit the flying skull but do no damage.
The flying skull is moderately damaged.
The flying skull hits you!
You shudder from the blow and a jelly pops out!
You hit the flying skull.
The flying skull is heavily damaged.
The flying skull closely misses you.
You hit the flying skull but do no damage.
The flying skull is heavily damaged.
The flying skull hits you.
You hit the flying skull but do no damage.
The flying skull is heavily damaged.
The flying skull misses you.
You miss the flying skull.
The flying skull is heavily damaged.
The flying skull barely misses you. The flying skull hits you!
You die...

#######'#####.....
#...........'.....
#'#####'#####.....
#.#.†#..#..##.....
#.#..'..#).#####'#
#.#).####))##.....
#.#..#..#))##.....
#J#..#).#[[##.....
#@##'#..#'###...<.
#z#.......)##.....
#5#........##.....
#@###########.....
#Og..O..# ######
#g).#5..#
#...#.g.#
#.##g##.#
#...#..g#


You could see an ogre, a flying skull, Terence, 2 gnolls, an ufetubus and a
friendly death ooze.

Vanquished Creatures
  A brain worm (D)
  A gnoll (D)
  A river rat (D)
  2 ufetubi (D)
  A bat (D)
  A goblin (D)
  2 hobgoblins (D)
  A quokka (D)
  A giant newt (D)
  A rat (D)
12 creatures vanquished.

Notes
Turn   | Place    | Note
--------------------------------------------------------------
     0 | D        | Kidiri the Spriggan Assassin began the quest for the Orb.
     0 | D        | Reached XP level 1. HP: 10/10 MP: 2/2
    20 | D        | Reached skill level 6 in Stealth
    31 | D        | Found a sacrificial altar of Ru.
    31 | D        | Found a basalt altar of Yredelemnul.
    31 | D        | Found a shadowy altar of Dithmenos.
    31 | D        | Found a deep blue altar of Sif Muna.
    31 | D        | Found a burning altar of Makhleb.
    31 | D        | Found a shimmering altar of Xom.
    31 | D        | Found an ancient bone altar of Kikubaaqudgha.
    31 | D        | Found a sparkling altar of Nemelex Xobeh.
    32 | D        | Found a glowing golden altar of the Shining One.
    32 | D        | Found a bloodstained altar of Trog.
    32 | D        | Found a shattered altar of Ashenzari.
    32 | D        | Found a white marble altar of Elyvilon.
    32 | D        | Found a snail-covered altar of Cheibriados.
    32 | D        | Found a blossoming altar of Fedhas.
    32 | D        | Found a radiant altar of Vehumet.
    32 | D        | Found a glowing silver altar of Zin.
    32 | D        | Found a corrupted altar of Lugonu.
    32 | D        | Found a viscous altar of Jiyva.
    32 | D        | Found a roughly hewn altar of Beogh.
    32 | D        | Found an iron altar of Okawaru.
    38 | D        | Found a stormy altar of Qazlal.
    39 | D        | Became a worshipper of Jiyva Joklielu the Shapeless
    63 | D        | Acquired Jiyva's first power
    65 | D        | Acquired Jiyva's second power
    69 | D        | Gained mutation: You have acidic saliva. [Jiyva's grace]
    72 | D        | Noticed a brain worm
    72 | D        | Acquired Jiyva's third power
    75 | D        | Killed a brain worm
    75 | D        | Reached skill level 5 in Dodging
    75 | D        | Reached skill level 8 in Stealth
    75 | D        | Reached XP level 2. HP: 16/16 MP: 3/3
    75 | D        | Reached XP level 3. HP: 19/19 MP: 4/4
    75 | D        | Reached XP level 4. HP: 23/23 MP: 5/5
    80 | D        | Reached skill level 5 in Short Blades
    81 | D        | Gained mutation: Your mind is acute. (Int +2) [Jiyva's grace]
    81 | D        | Acquired Jiyva's fourth power
    81 | D        | Lost mutation: Your mind is acute. (Int +2) [Jiyva's grace]
    84 | D        | Gained mutation: Your skin is partially translucent (Stealth, -foe acc). [Jiyva's grace]
    84 | D        | Gained mutation: You are resistant to hostile enchantments. [Jiyva's grace]
    92 | D        | Reached skill level 9 in Stealth
   190 | D        | Noticed a gnoll sergeant
   191 | D        | Noticed a flying skull
   191 | D        | Noticed an ogre
   195 | D        | Noticed Terence
   221 | D        | Slain by a flying skull

Vault maps used:
D:        pitsprint

Action                   |  1- 3 |  4- 6 || total
-------------------------+-------+-------++-------
Melee: Dagger            |    10 |    27 ||    37
 Stab: Sleeping          |     1 |     6 ||     7
